 Dungeon Crawl Stone Soup version 0.28.0-49-g6dfe1f597d (webtiles) character file.

Game seed: 18317127937260371860

51 Zeld the Magician (level 3, -2/19 HPs)
             Began as a Deep Elf Fire Elementalist on May 19, 2022.
             Was an Initiate of Vehumet.
             Killed from afar by a frost-covered statue (9 damage)
             ... with a puff of frost
             ... on level 3 of the Dungeon.
             The game lasted 00:01:26 (3132 turns).

Zeld the Magician (Deep Elf Fire Elementalist)      Turns: 3132, Time: 00:01:27

Health: -2/19      AC:  2    Str:  5    XL:     3   Next: 57%
Magic:  2/10       EV: 13    Int: 21    God:    Vehumet [......]
Gold:   67         SH:  0    Dex: 15    Spells: 7/10 levels left

rFire   . . .      SeeInvis .   (no weapon)
rCold   . . .      Faith    .   (no shield)
rNeg    . . .      Spirit   .   a - +0 robe
rPois   .          Reflect  .   (no helmet)
rElec   .          Harm     .   (no cloak)
rCorr   .          Rampage  .   (no gloves)
Will    .....                   (no boots)
Stlth   ++........              (no amulet)
HPRegen 0.06/turn               (no ring)
MPRegen 0.12/turn               (no ring)

@: no status effects
A: no striking features
a: Renounce Religion


You were on level 3 of the Dungeon.
You worshipped Vehumet.
Vehumet was noncommittal.
You visited 1 branch of the dungeon, and saw 3 of its levels.

You collected 67 gold pieces.

Inventory:

Armour
 a - a +0 robe (worn)
Scrolls
 c - a scroll of fog {unknown}
 d - a scroll of fear {unknown}
 e - a scroll of teleportation {unknown}
 f - a scroll of immolation {unknown}
 h - 2 scrolls of identify {unknown}
 i - a scroll of enchant armour {unknown}
Potions
 b - a potion of might {unknown}
 g - a potion of cancellation {unknown}


   Skills:
 + Level 2.9 Dodging
 - Level 2.4 Stealth
 * Level 4.0 Spellcasting
 + Level 1.8 Conjurations
 * Level 3.9 Fire Magic


You had 7 spell levels left.
You knew the following spells:

 Your Spells              Type           Power      Damage    Failure   Level
a - Foxfire               Conj/Fire      64%        2x1d7     3%          1
b - Scorch                Fire           40%        2d7       3%          2

Your spell library contained the following spells:

 Spells                   Type           Power      Damage    Failure   Level
 Conjure Flame            Conj/Fire      16%        6-21      11%         3
 Inner Flame              Hex/Fire       12%        N/A       16%         3
 Flame Wave               Conj/Fire      16%        2d6       34%         4


Dungeon Overview and Level Annotations

Branches:
Dungeon (3/15)

Altars:
Vehumet

Annotations:
D:3 exclusion: statue


Message History

The frost-covered statue is no longer more vulnerable to fire.
The frost-covered statue gestures at you.
The puff of frost hits you.
You start resting.
HP restored.
You start resting.
Magic restored.
You start waiting.
Done waiting.
You start waiting.
Done waiting.
Really walk into a travel-excluded area?
The frost-covered statue gestures at you.
The puff of frost hits you.
There is a radiant altar of Vehumet here.
You kneel at the altar of Vehumet.
Vehumet welcomes you!
Casting: Scorch (safe; 3% risk of failure)
Confirm with . or Enter, or press ? or * to list all spells.
Flames lash the frost-covered statue.
The frost-covered statue completely resists.
Casting: Scorch (safe; 3% risk of failure)
Confirm with . or Enter, or press ? or * to list all spells.
Flames lash the frost-covered statue.
The frost-covered statue completely resists.
The frost-covered statue gestures at you.
The puff of frost hits you!
Casting: Scorch (safe; 3% risk of failure)
Confirm with . or Enter, or press ? or * to list all spells.
Flames lash the frost-covered statue.
The frost-covered statue completely resists.
Casting: Scorch (safe; 3% risk of failure)
Confirm with . or Enter, or press ? or * to list all spells.
Flames lash the frost-covered statue.
The frost-covered statue resists.
The frost-covered statue is lightly damaged.
The frost-covered statue's fire resistance burns away.
The frost-covered statue is no longer more vulnerable to fire.
The frost-covered statue gestures at you.
The puff of frost hits you!
You die...

#. #.......#.# #.#.
#..###..#.#
#.#...###..#....#.#
#.#........#.##.#.#
#$########.#.##.#.#
#..........#.##.#.#
#........###.#..#.#
######..##.##.#
#.##.#.#
..).....#.@.#.#
#.##.#.#
######..#...#.#
#.##.#.#
#..#...#.###.##.#.#
##.#._.#..........#
#.#...#.###.##.###
#.#.8.#.<......#.#
..#...#.##...###.##
#.##### #.......<#
#.#.###.##


You could see a frost-covered statue.

Vanquished Creatures
  An adder (D:2)
  2 dart slugs (D:2)
  A ball python (D:1)
  2 bats
  5 endoplasms
  A giant cockroach (D:2)
  2 hobgoblins (D:1)
  4 jackals (D:1)
  A kobold (D:1)
  4 quokkas
  2 frilled lizards
  4 goblins
  3 rats
32 creatures vanquished.

Vanquished Creatures (others)
  44 foxfires (D:1)
44 creatures vanquished.

Grand Total: 76 creatures vanquished

Notes
Turn   | Place    | Note
-------+----------+-------------------------------------------
     0 | D:1      | Zeld the Deep Elf Fire Elementalist began the quest for the
                  | Orb.
     0 | D:1      | Reached XP level 1. HP: 10/10 MP: 6/6
   616 | D:1      | Reached XP level 2. HP: 15/15 MP: 2/8
   732 | D:1      | Learned a level 2 spell: Scorch
  1113 | D:1      | Found a faded altar of an unknown god.
  2008 | D:2      | Reached XP level 3. HP: 18/19 MP: 5/10
  2229 | D:2      | Reached skill level 4 in Spellcasting
  2828 | D:3      | Found a radiant altar of Vehumet.
  2839 | D:3      | Noticed a frost-covered statue
  3125 | D:3      | Became a worshipper of Vehumet
  3132 | D:3      | Killed from afar by a frost-covered statue

Illustrated notes

Levels and vault maps discovered:
D:1:      dpeg_arrival_central, layout_basic, ebering_ecumenical_altar_rust,
          hangedman_decor_slide_cut
D:2:      layout_loops_corners, serial_glass, glass_columns_c, glass_columns_a,
          glass_columns_a, glass_columns_b, glass_columns_a, glass_columns_a,
          feat_on_display, feat_on_display, minmay_strange_pillars,
          minmay_strange_pillars
D:3:      layout_basic, vehumet_statue, makhleb_altar_promises_db, minitemple

Skill      XL: |  1  2  3 |
---------------+----------+-----
Spellcasting   | 4 |  4.0
Dodging        | |  2.9
Stealth        | |  2.4
Conjurations   | |  1.8
Fire Magic     | |  3.9

Action                   || total
-------------------------++-------
Melee: Unarmed           ||    26
       Punch             ||     2
 Cast: Foxfire           ||    26
       Scorch            ||    34
 Stab: Sleeping          ||     1
Armor: Robe              ||     7
Dodge: Dodged            ||    25
